[Event "SixDays Budapest GM-A 09-2024"]
[Site "Budapest"]
[Date "2024.09.26"]
[Round "4.5"]
[White "Mohammad Fahad, Rahman"]
[Black "Mamatov, Melis"]
[Result "0-1"]
[ECO "D17"]
[WhiteElo "2419"]
[BlackElo "2362"]
[Annotator "RC"]
[PlyCount "144"]
[EventDate "2024.09.24"]
[EventType "tourn"]
[EventCountry "HUN"]
[SourceTitle "playchess.com"]
[Source "ChessBase"]
[SourceQuality "1"]
[TimeControl "5400+30"]

1. d4 d5 2. c4 c6 3. Nc3 Nf6 4. Nf3 dxc4 5. a4 Bf5 6. Ne5 Nbd7 7. Nxc4 Qc7 8. g3 e5 9. dxe5 Nxe5 10. Bf4 Nfd7 11. Bg2 g5 12. Ne3 gxf4 13. Nxf5 O-O-O 14. Qc2 a5 15. O-O-O fxg3 16. hxg3 Nc5 17. Ne4 Rxd1+ 18. Rxd1 Nxe4 19. Qxe4 Bc5 20. f4 Ng4 21. Qc4 Bb4 22. Bf3 h5 23. e4 Rd8 24. Kb1 Kb8 25. Ka2 Rd7 26. Rxd7 Qxd7 27. Ng7 Ne3 28. Qb3 Nf1 29. Be2 Nd2 30. Qd3 Qe7 31. e5 h4 32. gxh4 Qxh4 33. Nh5 Qe7 34. Bg4 Qc5 35. Nf6 Qc1 36. Bf5 Nc4 37. Qc2 Qxf4 38. Qd3 Nxe5 39. Nd7+ Nxd7 40. Qxd7 Qc4+ 41. Kb1 Ka7 42. Bc2 Bc5 43. Qf5 Kb6 44. Qd7 Ka7 45. Qf5 Bb6 46. Qf3 Qe6 47. Bb3 Qg6+ 48. Ka2 f6 49. Be6 Qg7 50. Qf5 Qe7 51. Kb1 Qb4 52. Qg4 Bd4 53. Bb3 Qxb3 54. Qxd4+ Ka6 55. Qxf6 Qd1+ 56. Ka2 Qxa4+ 57. Kb1 Qd1+ 58. Ka2 Qd5+ 59. Kb1 a4 60. Qe7 Qd1+ 61. Ka2 Qb3+ 62. Ka1 Qb5 63. Qd8 Ka7 64. Qd4+ c5 65. Qd8 Qb4 66. Qd3 a3 67. Qxa3+ Qxa3+ 68. bxa3 Kb6 69. Kb2 Kb5 70. Kb3 c4+ 71. Kc3 Kc5 72. a4 b6 0-1

[Event "SixDays Budapest GM-A 09-2024"]
[Site "Budapest"]
[Date "2024.09.26"]
[Round "5.2"]
[White "Chen, Yining"]
[Black "Mohammad Fahad, Rahman"]
[Result "0-1"]
[ECO "D45"]
[WhiteElo "2252"]
[BlackElo "2419"]
[Annotator "RC"]
[PlyCount "130"]
[EventDate "2024.09.24"]
[EventType "tourn"]
[EventCountry "HUN"]
[SourceTitle "playchess.com"]
[Source "ChessBase"]
[SourceQuality "1"]
[TimeControl "5400+30"]

1. d4 d5 2. c4 e6 3. Nf3 Nf6 4. Nc3 c6 5. e3 Nbd7 6. Be2 Bd6 7. O-O O-O 8. b3 b6 9. Bb2 Bb7 10. Bd3 Re8 11. Re1 a6 12. Rc1 h6 13. Rc2 dxc4 14. bxc4 c5 15. h3 e5 16. dxe5 Bxf3 17. gxf3 Nxe5 18. Bf1 Qe7 19. Rd2 Rad8 20. Nd5 Nxd5 21. Rxd5 Ng6 22. Re2 Be5 23. Bxe5 Rxd5 24. Qxd5 Rd8 25. Qe4 Qxe5 26. Qxe5 Nxe5 27. Rb2 Nxf3+ 28. Kg2 Nh4+ 29. Kg3 g5 30. Bg2 Nxg2 31. Kxg2 Rd6 32. Kf3 Kg7 33. a4 a5 34. Ke4 Kg6 35. f4 f6 36. Rb3 h5 37. fxg5 Kxg5 38. Rb1 Re6+ 39. Kf3 Kf5 40. Rd1 Kg5 41. Rd5+ f5 42. Rd8 Re4 43. Rd6 Rxc4 44. Rxb6 Rxa4 45. Rb5 Rh4 46. Kg3 Rc4 47. Rxa5 Rc3 48. h4+ Kf6 49. Kf3 Rc4 50. Ra6+ Ke5 51. Rc6 f4 52. exf4+ Rxf4+ 53. Kg3 Rg4+ 54. Kh3 c4 55. Rc5+ Kd4 56. Rxh5 Re4 57. Rh8 c3 58. Rc8 Kd3 59. h5 c2 60. h6 Re6 61. Kg2 Rxh6 62. Rd8+ Ke2 63. Re8+ Kd2 64. Rd8+ Kc1 65. Kf2 Rb6 0-1

[Event "SixDays Budapest GM-A 09-2024"]
[Site "Budapest"]
[Date "2024.09.26"]
[Round "5.3"]
[White "Panda Sambit"]
[Black "Nagy, Gabor"]
[Result "1-0"]
[ECO "E47"]
[WhiteElo "2367"]
[BlackElo "2459"]
[Annotator "RC"]
[PlyCount "117"]
[EventDate "2024.09.24"]
[EventType "tourn"]
[EventCountry "HUN"]
[SourceTitle "playchess.com"]
[Source "ChessBase"]
[SourceQuality "1"]
[TimeControl "5400+30"]

1. d4 Nf6 2. c4 e6 3. Nc3 Bb4 4. e3 O-O 5. Bd3 c5 6. Nge2 d5 7. cxd5 cxd4 8. exd4 Nxd5 9. O-O Nc6 10. a3 Bd6 11. Re1 Re8 12. Bc2 Nxc3 13. bxc3 b6 14. Ng3 Bb7 15. Ne4 Be7 16. h4 Rc8 17. Ng5 Bxg5 18. Bxg5 Qd7 19. Qd3 f5 20. d5 h6 21. Bf4 Ne7 22. dxe6 Qxd3 23. Bxd3 Rxc3 24. Rad1 Bc6 25. Bd6 Ba4 26. Bb4 Bxd1 27. Bxc3 Ba4 28. h5 Rd8 29. Bb1 Kf8 30. Kh2 a5 31. Be5 Rd1 32. Rxd1 Bxd1 33. Bd6 Ke8 34. Be5 Kf8 35. Bc7 Bb3 36. Bxb6 a4 37. Bc5 Bxe6 38. Bc2 Bd7 39. Kg3 Kf7 40. Bxe7 Kxe7 41. Kf4 Kf6 42. f3 Be8 43. Bxf5 Bxh5 44. Bd7 g5+ 45. Ke3 Ke5 46. Bxa4 Bg6 47. Bb3 h5 48. a4 h4 49. a5 Kd6 50. Kd4 Bh5 51. Bd5 Kc7 52. Kc5 g4 53. fxg4 Bxg4 54. a6 Bc8 55. a7 Bb7 56. a8=Q Bxa8 57. Bxa8 h3 58. g3 h2 59. Bh1 1-0

[Event "SixDays Budapest GM-A 09-2024"]
[Site "Budapest"]
[Date "2024.09.26"]
[Round "5.4"]
[White "Defromont, Benjamin"]
[Black "Berczes, David"]
[Result "1/2-1/2"]
[ECO "B10"]
[WhiteElo "2383"]
[BlackElo "2400"]
[Annotator "RC"]
[PlyCount "193"]
[EventDate "2024.09.24"]
[EventType "tourn"]
[EventCountry "HUN"]
[SourceTitle "playchess.com"]
[Source "ChessBase"]
[SourceQuality "1"]
[TimeControl "5400+30"]

1. e4 c6 2. d3 d5 3. Bf4 dxe4 4. Nc3 e3 5. fxe3 Nf6 6. e4 e5 7. Bxe5 Ng4 8. Bg3 Qb6 9. Qd2 g6 10. O-O-O Ne3 11. Na4 Qd4 12. Nf3 Qxa4 13. Qxe3 Qxa2 14. Be5 Rg8 15. Bc3 Bg4 16. d4 Na6 17. Qf4 Be6 18. Bd3 O-O-O 19. Kd2 g5 20. Nxg5 Bd6 21. Qf2 Be7 22. Nf3 Bb4 23. Ke3 Bxc3 24. bxc3 Qa5 25. c4 Nb4 26. Ra1 Qh5 27. Rxa7 f5 28. Ra8+ Kc7 29. Rxd8 Kxd8 30. Rb1 Qh6+ 31. Ke2 Nxd3 32. cxd3 fxe4 33. dxe4 Bxc4+ 34. Ke1 Bd3 35. Ra1 Rg4 36. Ne5 Rxe4+ 37. Kd1 Be2+ 38. Qxe2 Rxe2 39. Nf7+ Kc7 40. Nxh6 Rxg2 41. Ra8 Rxh2 42. Nf5 Rf2 43. Ne3 Rf4 44. Nc2 Rf5 45. Rh8 Rd5 46. Rxh7+ Kc8 47. Kd2 c5 48. Kc3 cxd4+ 49. Nxd4 Rc5+ 50. Kb4 Re5 51. Nb5 Kd8 52. Rxb7 Ke8 53. Nd6+ Kf8 54. Kc4 Kg8 55. Kd4 Re1 56. Ne4 Rd1+ 57. Ke5 Re1 58. Kf5 Rf1+ 59. Kg6 Rg1+ 60. Ng5 Kf8 61. Kf6 Rf1+ 62. Ke5 Re1+ 63. Ne4 Kg8 64. Re7 Kf8 65. Kf6 Rf1+ 66. Ke6 Re1 67. Rf7+ Ke8 68. Rf4 Kd8 69. Kd6 Rd1+ 70. Kc6 Rc1+ 71. Nc5 Ke7 72. Rf2 Ke8 73. Kd6 Rd1+ 74. Ke6 Re1+ 75. Kd6 Rd1+ 76. Ke5 Re1+ 77. Ne4 Kd7 78. Rf6 Kc7 79. Rf7+ Kc6 80. Kd4 Rd1+ 81. Kc4 Rc1+ 82. Nc3 Kd6 83. Rf6+ Ke7 84. Ra6 Kf7 85. Kd4 Kg7 86. Ne4 Rd1+ 87. Ke5 Re1 88. Ra7+ Kf8 89. Rb7 Ke8 90. Kd5 Kf8 91. Nf6 Rd1+ 92. Ke6 Re1+ 93. Kf5 Rf1+ 94. Ke5 Rf5+ 95. Ke6 Re5+ 96. Kd6 Re6+ 97. Kxe6 1/2-1/2

[Event "SixDays Budapest GM-A 09-2024"]
[Site "Budapest"]
[Date "2024.09.26"]
[Round "5.5"]
[White "Lee, Junhyeok"]
[Black "Wachinger, Nikolas"]
[Result "1/2-1/2"]
[ECO "B90"]
[WhiteElo "2364"]
[BlackElo "2442"]
[Annotator "RC"]
[PlyCount "160"]
[EventDate "2024.09.24"]
[EventType "tourn"]
[EventCountry "HUN"]
[SourceTitle "playchess.com"]
[Source "ChessBase"]
[SourceQuality "1"]
[TimeControl "5400+30"]

1. e4 c5 2. Nf3 d6 3. d4 cxd4 4. Nxd4 Nf6 5. Nc3 a6 6. f3 e5 7. Nb3 Be6 8. Be3 h5 9. Qd2 Nbd7 10. O-O-O Be7 11. Nd5 Nxd5 12. exd5 Bf5 13. Kb1 Rc8 14. Rc1 O-O 15. Rg1 Nf6 16. Be2 b5 17. Ka1 Qd7 18. c4 bxc4 19. Bxc4 Rxc4 20. Rxc4 Qb5 21. Rgc1 Nxd5 22. Bg5 f6 23. a4 Qd7 24. Qxd5+ Be6 25. Qc6 Qxc6 26. Rxc6 Bxb3 27. Bd2 Bxa4 28. Rxa6 Bb5 29. Ra7 Kf7 30. f4 g6 31. fxe5 Ke6 32. exd6 Bxd6 33. Re1+ Kf5 34. Ra5 Rb8 35. h3 h4 36. Bc3 Bc7 37. Ra7 Bf4 38. b3 g5 39. Ka2 Bg3 40. Re3 Bf4 41. Rf3 Kg6 42. Rf2 Rc8 43. Kb2 Rc6 44. Ra5 Bd3 45. b4 Bg3 46. Rd2 Bf1 47. Rc5 Re6 48. Kb3 Bf4 49. Rf2 Bd3 50. Bd4 Bd6 51. Rc3 Bb5 52. Re3 Rxe3+ 53. Bxe3 Be5 54. Rd2 Kf5 55. Bd4 Bf4 56. Rf2 Ke6 57. Ra2 f5 58. Kc3 Bf1 59. Rf2 Bb5 60. Bh8 Bg3 61. Rf3 f4 62. Kd2 Bc6 63. Ke2 Bb5+ 64. Kd2 Bc6 65. Bd4 g4 66. hxg4 Bxf3 67. gxf3 h3 68. Bg1 Bf2 69. Bh2 Bg3 70. Bg1 h2 71. Bxh2 Bxh2 72. Kd3 Kd5 73. b5 Bg1 74. g5 Ke5 75. g6 Kf6 76. Ke4 Be3 77. b6 Bxb6 78. Kxf4 Kxg6 79. Ke4 Bc7 80. f4 Bxf4 1/2-1/2

[Event "SixDays Budapest GM-A 09-2024"]
[Site "Budapest"]
[Date "2024.09.28"]
[Round "7.1"]
[White "Chen, Yining"]
[Black "Plat, Vojtech"]
[Result "1/2-1/2"]
[ECO "A41"]
[WhiteElo "2252"]
[BlackElo "2483"]
[Annotator "RC"]
[PlyCount "80"]
[EventDate "2024.09.24"]
[EventType "tourn"]
[EventCountry "HUN"]
[SourceTitle "playchess.com"]
[Source "ChessBase"]
[SourceQuality "1"]
[TimeControl "5400+30"]

1. d4 d6 2. Nf3 Nf6 3. c4 Bf5 4. Nc3 g6 5. Qb3 Qc8 6. h3 Bg7 7. g4 Bd7 8. Bg2 Nc6 9. Qc2 O-O 10. e4 e5 11. d5 Nd4 12. Nxd4 exd4 13. Ne2 Re8 14. Bf4 b5 15. c5 dxc5 16. e5 c4 17. Nxd4 Qb7 18. O-O-O Nxd5 19. Nxb5 Bxb5 20. Bxd5 c6 21. Bxc4 a5 22. Rhe1 a4 23. a3 Bxc4 24. Qxc4 Ra5 25. Re2 Bf8 26. Rc2 Rc5 27. Qxa4 Rb5 28. Rd3 Bb4 29. axb4 Rxb4 30. Qxc6 Qxc6 31. Rxc6 Rxf4 32. Rf6 Rc4+ 33. Kd2 Rxe5 34. Rd7 Rb4 35. Kc3 Reb5 36. Rfxf7 Rb3+ 37. Kd4 R5b4+ 38. Ke5 Rb5+ 39. Ke6 Rb6+ 40. Ke5 R6b5+ 1/2-1/2

[Event "SixDays Budapest GM-A 09-2024"]
[Site "Budapest"]
[Date "2024.09.28"]
[Round "7.2"]
[White "Panda Sambit"]
[Black "Mamatov, Melis"]
[Result "0-1"]
[ECO "D11"]
[WhiteElo "2367"]
[BlackElo "2362"]
[Annotator "ChessBase"]
[PlyCount "112"]
[EventDate "2024.09.24"]
[EventType "tourn"]
[EventCountry "HUN"]
[SourceTitle "playchess.com"]
[Source "ChessBase"]
[SourceQuality "1"]
[TimeControl "5400+30"]

1. d4 d5 2. c4 c6 3. Nf3 Nf6 4. e3 Bg4 5. Qb3 Qb6 6. Nh4 g6 7. Nc3 Bg7 8. h3 Be6 9. Bd2 O-O 10. Nf3 Nbd7 11. Be2 dxc4 12. Bxc4 Bxc4 13. Qxc4 c5 14. d5 Qxb2 15. Rb1 Qc2 16. Rc1 Qf5 17. e4 Ne5 18. Nxe5 Qxe5 19. O-O b6 20. Be3 g5 21. f4 gxf4 22. Rxf4 Bh6 23. Rcf1 Kh8 24. R4f3 Bxe3+ 25. Rxe3 Rg8 26. Ne2 Rg5 27. Nf4 Rag8 28. Rf2 Rg3 29. Rxg3 Rxg3 30. d6 e6 31. Ne2 Rg8 32. Qd3 Rd8 33. Ng3 Rxd6 34. Qf3 Ng8 35. Qg4 Rd7 36. Nh5 f6 37. h4 c4 38. g3 c3 39. Kg2 Nh6 40. Qf3 Rd2 41. Nxf6 Rxf2+ 42. Qxf2 c2 43. Qxc2 Qxf6 44. Qc8+ Kg7 45. Qc7+ Nf7 46. Qxa7 Qb2+ 47. Kg1 Qd4+ 48. Kh2 Qf2+ 49. Kh3 h5 50. e5 Kg6 51. Qc7 Qf1+ 52. Kh2 Qe2+ 53. Kh3 Nxe5 54. Qc1 Nf3 55. Qb1+ Kg7 56. Qa1+ e5 0-1

[Event "SixDays Budapest GM-A 09-2024"]
[Site "Budapest"]
[Date "2024.09.28"]
[Round "7.3"]
[White "Defromont, Benjamin"]
[Black "Mohammad Fahad, Rahman"]
[Result "1-0"]
[ECO "B31"]
[WhiteElo "2383"]
[BlackElo "2419"]
[Annotator "ChessBase"]
[PlyCount "57"]
[EventDate "2024.09.24"]
[EventType "tourn"]
[EventCountry "HUN"]
[SourceTitle "playchess.com"]
[Source "ChessBase"]
[SourceQuality "1"]
[TimeControl "5400+30"]

1. e4 c5 2. Nf3 Nc6 3. Bb5 g6 4. O-O Bg7 5. Re1 Nf6 6. Nc3 O-O 7. e5 Ne8 8. d3 Nd4 9. h3 Nc7 10. a4 d5 11. exd6 exd6 12. Bc4 Be6 13. Nxd4 Bxd4 14. Qf3 b6 15. Bf4 Qd7 16. Qg3 d5 17. Bxc7 dxc4 18. dxc4 Bxc3 19. bxc3 Bxc4 20. a5 bxa5 21. Rxa5 Qd2 22. Re7 Qd5 23. Be5 Rfe8 24. Raxa7 Rxe7 25. Rxe7 Qe4 26. Qg5 Bf1 27. Bf6 Qc6 28. Kxf1 h6 29. Qe5 1-0

[Event "SixDays Budapest GM-A 09-2024"]
[Site "Budapest"]
[Date "2024.09.28"]
[Round "7.4"]
[White "Lee, Junhyeok"]
[Black "Nagy, Gabor"]
[Result "1/2-1/2"]
[ECO "C41"]
[WhiteElo "2364"]
[BlackElo "2459"]
[Annotator "RC"]
[PlyCount "72"]
[EventDate "2024.09.24"]
[EventType "tourn"]
[EventCountry "HUN"]
[SourceTitle "playchess.com"]
[Source "ChessBase"]
[SourceQuality "1"]
[TimeControl "5400+30"]

1. e4 e5 2. Nf3 d6 3. d4 exd4 4. Nxd4 Nf6 5. Nc3 Be7 6. Bf4 O-O 7. Qd2 Nc6 8. O-O-O Nxd4 9. Qxd4 Be6 10. f3 a6 11. g4 b5 12. h4 c5 13. Qe3 b4 14. Na4 Qa5 15. b3 Rfd8 16. g5 Ne8 17. h5 Rac8 18. Bh3 c4 19. g6 cxb3 20. axb3 Rc3 21. Bxe6 fxe6 22. Nxc3 bxc3 23. Kb1 Nc7 24. Rd4 Rb8 25. gxh7+ Kxh7 26. Qg1 Bf6 27. Qg6+ Kg8 28. e5 dxe5 29. Rg1 Qa3 30. Bc1 Rxb3+ 31. cxb3 Qxb3+ 32. Ka1 exd4 33. Qxf6 Qa4+ 34. Kb1 Qb3+ 35. Ka1 Qa4+ 36. Kb1 Qb3+ 1/2-1/2

[Event "SixDays Budapest GM-A 09-2024"]
[Site "Budapest"]
[Date "2024.09.28"]
[Round "7.5"]
[White "Wachinger, Nikolas"]
[Black "Berczes, David"]
[Result "1/2-1/2"]
[ECO "C88"]
[WhiteElo "2442"]
[BlackElo "2400"]
[Annotator "ChessBase"]
[PlyCount "77"]
[EventDate "2024.09.24"]
[EventType "tourn"]
[EventCountry "HUN"]
[SourceTitle "playchess.com"]
[Source "ChessBase"]
[SourceQuality "1"]
[TimeControl "5400+30"]

1. e4 e5 2. Nf3 Nc6 3. Bb5 a6 4. Ba4 Nf6 5. O-O Be7 6. Re1 b5 7. Bb3 O-O 8. h3 Bb7 9. d3 d5 10. exd5 Nxd5 11. Nbd2 Nd4 12. Rxe5 Nxb3 13. Nxb3 Bd6 14. Re1 c5 15. Bd2 Rc8 16. a4 b4 17. Bg5 Qc7 18. Nbd2 Bf4 19. Nc4 f6 20. Bxf4 Nxf4 21. Nh4 Rce8 22. Re3 g5 23. Nf3 Rxe3 24. Nxe3 Re8 25. h4 g4 26. Nd2 h5 27. Ne4 Bxe4 28. dxe4 Rxe4 29. Nd5 Qe5 30. Nxf4 Rxf4 31. Qd8+ Kg7 32. Rd1 Rd4 33. Rxd4 Qe1+ 34. Kh2 Qe5+ 35. g3 Qxd4 36. Qe7+ Kg6 37. Qe8+ Kg7 38. Qe7+ Kg6 39. Qe8+ 1/2-1/2